AoeStats
← RH450

Arena

504415402Analyzed
4v4 RM · 27d ago on Sep 5, 2026· 23m 30s· 8 players
Game mode
Random Map
Map size
Large (8 player)
Population
200
Speed
Normal
Resources
Standard
Victory
Conquest
Starting age
Dark Age
Ending age
Imperial Age
RankedLock teamsTeams togetherTeam positionsShared explorationLock speedFull tech treeHidden civsTurbo modeCheats
Victory
Defeat
🇸🇪 Burgundians · Sweden
930
+15
🇪🇸 Spanish · Spain
922
+16
🇰🇿 Vietnamese · Kazakhstan
854
+18
🇵🇬 Khmer · Papua New Guinea
847
+19
🇪🇸 Japanese · Spain
1004
-21
🇪🇸 Britons · Spain
961
-19
🇭🇰 Saracens · Hong Kong SAR China
842
-14
🇭🇰 Cumans · Hong Kong SAR China
842
-14
Declan
1:07 Loom
11:39 Feudal Age
12:09 Double-Bit Axe
12:07 Horse Collar
15:35 Wheelbarrow
21:15 Castle Age
19:50 Gold Mining
19:54 Stone Mining
23:10 Bow Saw
23:03 Heavy Plow
Gravity
9:44 Feudal Age
10:25 Double-Bit Axe
10:27 Horse Collar
12:08 Loom
18:38 Castle Age
17:31 Gold Mining
19:40 Bow Saw
gädda
5:29 Loom
8:03 Horse Collar
10:17 Double-Bit Axe
13:14 Feudal Age
12:10 Stone Mining
12:14 Gold Mining
15:27 Bow Saw
15:18 Heavy Plow
16:12 Gold Shaft Mining
16:13 Stone Shaft Mining
21:25 Castle Age
24:11 Crop Rotation
24:44 Two-Man Saw
Tedex
11:31 Feudal Age
16:11 Castle Age
15:13 Stone Mining
15:54 Double-Bit Axe
RH450
13:02 Feudal Age
13:52 Horse Collar
17:16 Castle Age
16:47 Loom
17:03 Double-Bit Axe
17:12 Gold Mining
21:28 Fortified Wall
Мужикman
11:19 Feudal Age
12:53 Wheelbarrow
13:25 Double-Bit Axe
17:54 Castle Age
17:23 Double-Bit Axe
17:19 Horse Collar
17:39 Gold Mining
19:32 Gambesons
20:24 Bow Saw
20:06 Gold Mining
21:13 Forging
21:05 Scale Mail Armor
21:14 Man-at-Arms
21:56 Squires
Boy♂Next♂Door
7:50 Loom
12:04 Feudal Age
13:31 Horse Collar
13:38 Double-Bit Axe
16:36 Wheelbarrow
22:04 Castle Age
23:14 Hand Cart
為你送上命定之死
0:29 Loom
12:37 Feudal Age
15:33 Horse Collar
20:59 Wheelbarrow
20:48 Double-Bit Axe
Connection lost

Rejoining the realm…

Still unreachable

The connection could not be restored.

Session expired

The server has moved on; the page needs a fresh start.